cohdb
Replays
Latest Replays
All Replays
Popular Replays
Top Player Replays
Match Explorer
How It Works
Community
CoH3 Stats
Reddit
Sign in to upload your games and track your stats! →
Sign in with Steam
Match 47244012
Unlisted
Match 47244012
Overview
Messages
Build Orders
End
Panzergrenadier Squad
Panzergrenadier Squad
250 Light Carrier
Construct Light Support Kompanie
Fire Support Elements
MG34 Team
Selects Battlefield Espionage Battlegroup
Selects Intel Disruption Beacon
Pak 38 Mechanized Group
Combat Half-tracks
Flakvierling Half-track
Vehicle Survival Package
Selects Plunder
2.5-tonne Medical Truck
Veteran Squad Leaders
Pak 38 Mechanized Group
Selects 250/3 Funkpanzerwagen
Construct Panzerarmee Kommand
Selects Anti-Tank Incendiary Munitions
Emergency Repair Kits
Walking Stuka Rocket Launcher
Rapid Advance
likewind3
Jerking Hans
Green Sea Squash
Jonnies
huangdongxc
象棋大师
0
0
Comments
sign in to comment!
No comments posted yet!